 Dungeon Crawl Stone Soup version 0.20.2-3-g29329e0561 (webtiles) character file.

693 Alfie the Cutter (level 7, -3/60 HPs)
             Began as a Hill Orc Fighter on Jan 19, 2023.
             Slain by a gnoll
             ... wielding a +0 halberd
              (6 damage)
             ... on level 3 of the Dungeon.
             The game lasted 00:10:17 (2709 turns).

Alfie the Cutter (Hill Orc Fighter)                 Turns: 2709, Time: 00:10:17

Health: -3/60      AC:  8    Str: 21    XL:     7   Next: 64%
Magic:  7/7        EV:  8    Int:  8    God:
Gold:   123        SH: 10    Dex: 10    Spells: 6/6 levels left

rFire    . . .     SeeInvis .   a - +0 rapier
rCold    . . .     Gourm    .   c - +0 shield
rNeg     . . .     Faith    .   t - +0 scale mail {rPois}
rPois    +         Spirit   .   (no helmet)
rElec    .         Reflect  .   s - +0 cloak
rCorr    .         Harm     .   (no gloves)
MR       .....                  (no boots)
Stlth    ..........             g - amulet of rage
Regen    0.2/turn               (no ring)
MPRegen  0.1/turn               (no ring)

@: no status effects
A: no striking features
a: Evoke Berserk Rage


You were on level 3 of the Dungeon.
You were not hungry.

You visited 1 branch of the dungeon, and saw 3 of its levels.

You collected 123 gold pieces.

Inventory:

Hand Weapons
 a - a +0 rapier (weapon)
 d - a +3 quarterstaff of chaos
Armour
 c - a +0 shield (worn)
 s - a +0 cloak (worn)
 t - a +0 scale mail of poison resistance (worn)
Jewellery
 b - an uncursed ring of wizardry {unknown}
 g - an amulet of rage (around neck)
 p - an uncursed ring of resist corrosion
Scrolls
 e - 2 scrolls of magic mapping {unknown}
 h - a scroll of enchant armour {unknown}
 k - 2 scrolls of blinking {unknown}
 l - a scroll of immolation {unknown}
 q - a scroll of recharging {unknown}
 r - 3 scrolls of remove curse
Potions
 i - 3 potions of curing
 j - a potion of flight {unknown}
 m - a potion of haste {unknown}
 n - 2 potions of mutation {unknown}
 o - 2 potions of agility
Comestibles
 f - a bread ration


   Skills:
 + Level 4.7 Fighting
 + Level 5.5 Short Blades
 + Level 5.1 Armour
 + Level 1.4 Dodging
 + Level 0.3 Stealth
 + Level 5.1 Shields


You had 6 spell levels left.
You didn't know any spells.

Dungeon Overview and Level Annotations

Branches:
Dungeon (3/15)

Altars:
Ashenzari
Elyvilon
Gozag
Qazlal


Message History

The gnoll is severely wounded.
You block the gnoll's attack.
You completely miss the gnoll.
The gnoll is heavily wounded.
You block the gnoll's attack.
You hit the gnoll.
The gnoll is severely wounded.
The gnoll hits you but does no damage.
A gnoll comes into view. It is wielding a flail.
The gnoll shouts!
Items here: ))))) † You puncture the gnoll!
You kill the gnoll!
The gnoll hits you from afar with a halberd!
* * * LOW HITPOINT WARNING * * *
You block the gnoll's attack.
Items here: ))))) ††† You hit the gnoll but do no damage.
You block the gnoll's attack. The gnoll hits you with a halberd.
You die...

≈≈≈≈≈≈≈....≈≈≈≈≈≈≈≈≈≈≈≈#####≈≈...
≈≈≈≈≈≈≈..(.≈g≈≈≈≈≈≈≈≈≈≈≈≈≈≈≈≈≈...
≈≈≈≈≈≈≈....≈≈≈≈≈≈≈≈≈≈≈≈≈≈≈≈≈≈≈...
...............)..........)).....
#.........(..##############)#####
..#####.###..# #####.# .##
##.####..# #....)# .#
#.##).#..##########..#..# .#
#.#.#.#....g@)..........# ##
##.##.###..g#######.#..(#
###.####...### #.....#
###.#.#<......# ###..##
#..##.#.......# #..#
#####.##..#.......# #..#
....###.#####...### #..#
##...##_##......# #..#
#.######.##.#.## #..#


You could see 2 gnolls.

Vanquished Creatures
  Sigmund (D:3)
  The ghost of Alfie the Shield-Bearer, an amateur HOFi (D:3)
  2 orc priests (D:3)
  An orc wizard (D:3)
  Crazy Yiuf (D:2)
  Terence (D:3)
  13 gnolls (D:3)
  6 adders
  2 worms
  2 dart slugs
  A leopard gecko (D:1)
  14 orcs (D:3)
  4 giant cockroaches
  5 goblins
  10 hobgoblins
  12 jackals (D:3)
  9 kobolds
  A quokka (D:3)
  7 bats
  4 frilled lizards
  6 rats
  2 fungi (D:2)
105 creatures vanquished.

Notes
Turn   | Place    | Note
-------+----------+-------------------------------------------
     0 | D:1      | Alfie the Hill Orc Fighter began the quest for the Orb.
     0 | D:1      | Reached XP level 1. HP: 19/19 MP: 1/1
   108 | D:1      | Reached XP level 2. HP: 27/27 MP: 2/2
   638 | D:1      | Reached XP level 3. HP: 33/33 MP: 3/3
   791 | D:2      | Found a shattered altar of Ashenzari.
  1053 | D:2      | Found a stormy altar of Qazlal.
  1210 | D:2      | Reached XP level 4. HP: 34/40 MP: 4/4
  1457 | D:2      | Found a runed door.
  1462 | D:2      | Noticed Crazy Yiuf
  1465 | D:2      | Killed Crazy Yiuf
  1552 | D:3      | Reached XP level 5. HP: 25/46 MP: 5/5
  1570 | D:3      | Noticed Sigmund
  1604 | D:3      | HP: 1/46 [something (8)]
  1622 | D:3      | Killed Sigmund
  1622 | D:3      | Reached skill level 1 in Dodging
  1622 | D:3      | Reached XP level 6. HP: 25/53 MP: 6/6
  1723 | D:3      | Noticed Terence
  1743 | D:3      | Killed Terence
  1910 | D:3      | Found an opulent altar of Gozag.
  2042 | D:3      | Noticed Alfie's ghost (amateur HOFi)
  2084 | D:3      | Killed Alfie's ghost
  2084 | D:3      | Reached skill level 5 in Short Blades
  2084 | D:3      | Reached XP level 7. HP: 8/60 MP: 7/7
  2222 | D:3      | Reached skill level 5 in Shields
  2565 | D:3      | Found a white marble altar of Elyvilon.
  2686 | D:3      | Reached skill level 5 in Armour
  2707 | D:3      | HP: 2/60 [gnoll/halberd (7)]
  2709 | D:3      | Slain by a gnoll

Skill      XL: |  1  2  3  4  5  6  7 |
---------------+----------------------+-----
Armour         | 4 5 |  5.1
Shields        | 4 5 |  5.1
Short Blades   | 3 4 5 |  5.5
Fighting       | 4 |  4.7
Dodging        | 1 |  1.4
Stealth        | |  0.3

Action                   |  1- 3 |  4- 6 |  7- 9 || total
-------------------------+-------+-------+-------++-------
Melee: Rapier            |   127 |   258 |   153 ||   538
Throw: Tomahawk          |       |     3 |     2 ||     5
  Use: Scroll            |     2 |     1 |     1 ||     4
       Potion            |       |     5 |     1 ||     6
  Eat: Bread ration      |     1 |       |     1 ||     2
Armor: Scale mail        |    47 |    74 |    79 ||   200
Dodge: Dodged            |    47 |    48 |    56 ||   151
Block: Shield            |    57 |    76 |   126 ||   259
